 Dungeon Crawl Stone Soup version 0.21.1-1-g345015f (webtiles) character file.

1390 inc the Skirmisher (level 8, -2/58 HPs)
             Began as an Octopode Wizard on May 1, 2018.
             Slain by a hornet (15 damage)
             ... while paralysed by a hornet
             ... on level 7 of the Dungeon.
             The game lasted 00:21:44 (8395 turns).

inc the Skirmisher (Octopode Wizard)                Turns: 8395, Time: 00:21:44

Health: -2/58      AC:  3    Str:  8    XL:     8   Next: 68%
Magic:  9/12       EV:  2    Int: 23    God:
Gold:   88         SH:  0    Dex: 10    Spells: 8/13 levels left

rFire    . . .     SeeInvis .   o - +2 whip (flame)
rCold    . . .     Gourm    .   A - +0 buckler
rNeg     + . .     Faith    .   a - +2 hat
rPois    .         Spirit   .   (no amulet)
rElec    +         Reflect  .   j - ring of protection from magic
rCorr    .         Harm     .   d - ring "Meupep" {-Tele rElec rN+ Str+2 Slay+3}
MR       +....     NoTele   +   (no ring)
Stlth    +++.......             (no ring)
HPRegen  0.19/turn              (no ring)
MPRegen  0.13/turn              (no ring)
                                (no ring)
                                (no ring)

@: paralysed, lethally poisoned (-2 -> -11), slowed
A: almost no armour, stealthy swim, amphibious, 8 rings, constrict 8, camouflage
1, gelatinous body 1
a: no special abilities


You were on level 7 of the Dungeon.
You were not hungry.

You visited 2 branches of the dungeon, and saw 8 of its levels.

You collected 312 gold pieces.
You spent 224 gold pieces at shops.

Inventory:

Hand Weapons
 f - a +0 short sword
 o - a +2 whip of flaming (weapon)
 w - a +4 short sword
Armour
 a - a +2 hat (worn)
 A - a +0 buckler (worn)
Jewellery
 d - the ring "Meupep" (right tentacle) {-Tele rElec rN+ Str+2 Slay+3}
   (You bought it in a shop on level 5 of the Dungeon)

   [ring of positive energy]

   It affects your strength (+2).
   It affects your accuracy and damage with ranged weapons and melee attacks
   (+3).
   It insulates you from electricity.
   It protects you from negative energy.
   It prevents most forms of teleportation.
 j - a ring of protection from magic (left tentacle)
 q - an uncursed amulet of faith
 t - an uncursed amulet of inaccuracy
Wands
 e - a wand of disintegration (20)
 v - a wand of polymorph (6)
 z - a wand of acid (9)
 D - a wand of iceblast (7)
Scrolls
 g - 3 scrolls of identify
 k - a scroll of enchant weapon
 m - 2 scrolls of enchant armour
 y - 3 scrolls of teleportation
 B - 2 scrolls of remove curse
Potions
 h - 2 potions of haste {unknown}
 i - 2 potions of agility
 l - 3 potions of degeneration {unknown}
 n - a potion of ambrosia {unknown}
 p - 2 potions of magic
 r - 3 potions of brilliance
 u - a potion of curing
 x - 5 potions of mutation {unknown}
Books
 b - a book of Minor Magic

   Spells                             Type                      Level
   a - Magic Dart                     Conjuration                  1
   b - Blink                          Translocation                2
   c - Call Imp                       Summoning                    2
   d - Slow                           Hexes                        2
   e - Conjure Flame                  Conjuration/Fire             3
   f - Mephitic Cloud                 Conjuration/Poison/Air       3
 C - the Almanac of Destructive Contamination
   (You found it on level 6 of the Dungeon)

   Spells                             Type                      Level
   a - Shock                          Conjuration/Air              1
   b - Stone Arrow                    Conjuration/Earth            3
   c - Fulminant Prism                Conjuration/Hexes            4
   d - Venom Bolt                     Conjuration/Poison           5
   e - Orb of Destruction             Conjuration                  7
Comestibles
 c - 12 rations
 E - a chunk of flesh


   Skills:
 + Level 6.8 Fighting
 - Level 2.0 Dodging
 - Level 2.6 Stealth
 - Level 5.5 Shields
 - Level 3.0 Spellcasting
 - Level 5.1 Conjurations
 - Level 1.0 Summonings
 - Level 1.0 Translocations


You had 8 spell levels left.
You knew the following spells:

 Your Spells              Type           Power        Failure   Level  Hunger
a - Magic Dart            Conj           ####         1%          1    None
b - Blink                 Tloc           N/A          12%         2    ##.....
c - Call Imp              Summ           #.......     12%         2    ##.....


Dungeon Overview and Level Annotations

Branches:
Dungeon (7/15)             Temple (1/1) D:6

Altars:
Ashenzari
Cheibriados
Dithmenos
Elyvilon
Hepliaklqana
Kikubaaqudgha
Makhleb
Qazlal
Ru
Sif Muna
Trog
Uskayaw
Vehumet
Wu Jian
Xom
Yredelemnul
Zin
The Shining One

Shops:
D:4 [   D:5 ?*=?   D:6 [

Annotations:
D:2 Sigmund
D:3 Iko's ghost, weakling GrBe
D:4 Eustachio


Innate Abilities, Weirdness & Mutations

You cannot wear most types of armour.
You are very stealthy in the water. (Stealth+)
You are amphibious.
You can wear up to eight rings at the same time.
You can use your tentacles to constrict eight enemies at once.
Your skin changes colour to match your surroundings (Stealth+).
Your rubbery body absorbs attacks. (AC +1, EV +1)


Message History

You feel as though you will be slow longer.
You block the hornet's attack. x2
Casting: Magic Dart
Confirm with . or Enter, or press ? or * to list all spells.
Aiming: Magic Dart
Press: ? - help, Shift-Dir - straight line, f/p - hornet
Aim: a hornet (severely wounded)
The magic dart hits the hornet.
The hornet is almost dead.
You feel sick. The hornet stings you!
* * * LOW HITPOINT WARNING * * *
You feel as though you will be slow longer.
The hornet stings you.
* * * LOW HITPOINT WARNING * * *
You feel as though you will be slow longer.
It was a potion of curing.
You feel better. The hornet stings you.
* * * LOW HITPOINT WARNING * * *
You are poisoned.
You suddenly lose the ability to move!
The hornet stings you!
You die...

.####...# ####..####.#
....#...# #.....####.#
.##.#...#####.##.....#.#
....##..))).......##.#.#
..####.######.##...#.#.#
#.....<######..#.###...#
...................#####
##.....#######..##.#
.+.....#........@..#
##....##.###...y#.##
.........# ###..#...
#......### #.....#.#
#......# #...... #
##.....# .......#
#.....# #.......#
#####.# ...#....# #.#


You could see a hornet.

Vanquished Creatures
  A black bear (D:7)
  An ogre (D:7)
  A centaur (D:5)
  A gnoll sergeant (D:7)
  3 bullfrogs
  3 jellies
  A howler monkey (D:4)
  4 crimson imps
  A bullfrog zombie (D:7)
  A hound (D:5)
  4 orc priests
  4 orc wizards
  Terence (D:2)
  2 worker ants
  Robin (D:3)
  8 adders
  4 gnolls (D:7)
  A shadow imp (D:7)
  An ooze (D:3)
  2 adder skeletons
  An adder zombie (D:6)
  2 worms
  5 leopard geckos
  12 orcs
  6 giant cockroaches
  11 goblins
  15 hobgoblins
  2 jackals (D:6)
  8 kobolds
  2 quokkas
  A ball python (D:1)
  6 bats
  6 frilled lizards
  A jackal skeleton (D:5)
  A jackal zombie (D:6)
  2 quokka skeletons
  4 rats
130 creatures vanquished.

Notes
Turn   | Place    | Note
-------+----------+-------------------------------------------
     0 | D:1      | inc the Octopode Wizard began the quest for the Orb.
     0 | D:1      | Reached XP level 1. HP: 11/11 MP: 4/4
   502 | D:1      | Reached XP level 2. HP: 6/17 MP: 1/6
  1264 | D:1      | Reached XP level 3. HP: 11/21 MP: 2/7
  1439 | D:2      | Noticed Sigmund
  1514 | D:2      | Found an ancient bone altar of Kikubaaqudgha.
  1875 | D:2      | Noticed Terence
  1886 | D:2      | Killed Terence
  1886 | D:2      | Reached XP level 4. HP: 24/27 MP: 2/8
  2827 | D:2      | Found a basalt altar of Yredelemnul.
  2861 | D:2      | Found a shadowy altar of Dithmenos.
  3087 | D:3      | Noticed a bullfrog
  3094 | D:3      | Killed a bullfrog
  3094 | D:3      | Reached skill level 5 in Conjurations
  3094 | D:3      | Reached XP level 5. HP: 19/31 MP: 1/9
  3203 | D:3      | Noticed Iko's ghost (weakling GrBe)
  3429 | D:3      | Reached skill level 1 in Fighting
  3448 | D:3      | Noticed Robin
  3462 | D:3      | Killed Robin
  3779 | D:3      | Reached skill level 2 in Fighting
  3779 | D:3      | Reached XP level 6. HP: 32/41 MP: 1/10
  3976 | D:3      | Found a sacrificial altar of Ru.
  4244 | D:4      | Noticed Eustachio
  4261 | D:5      | Entered Level 5 of the Dungeon
  4268 | D:4      | Reached skill level 3 in Fighting
  4381 | D:4      | Found a glowing golden altar of the Shining One.
  4569 | D:4      | Reached skill level 4 in Fighting
  4715 | D:4      | Found Arphaegit's Antique Armour Shoppe.
  4721 | D:4      | Bought a buckler for 99 gold pieces
  4854 | D:5      | Reached skill level 1 in Shields
  4995 | D:3      | Learned a level 2 spell: Blink
  4998 | D:3      | Learned a level 2 spell: Call Imp
  5094 | D:5      | Found Ehitt's Assorted Antiques.
  5097 | D:5      | Bought a brightly glowing granite ring for 125 gold pieces
  5097 | D:5      | Identified the ring "Meupep" {-Tele rElec rN+ Str+2 Slay+3} (You bought it in a shop on level 5 of the Dungeon)
  5142 | D:5      | Reached XP level 7. HP: 14/48 MP: 2/11
  5435 | D:5      | Found Baseydok's Magic Scroll Boutique.
  5678 | D:5      | Found Xiuroili's Jewellery Shop.
  5718 | D:5      | Found Zekame's Magic Scroll Boutique.
  5743 | D:5      | Found a snail-covered altar of Cheibriados.
  5744 | D:5      | Found a bloodstained altar of Trog.
  5787 | D:5      | Found a radiant altar of Vehumet.
  6906 | D:6      | Identified the Almanac of Destructive Contamination
  7056 | D:6      | Noticed a two-headed ogre
  7074 | D:6      | Found Zayl's Antique Armour Shop.
  7148 | D:6      | Found a staircase to the Ecumenical Temple.
  7191 | D:6      | Found a faded altar of an unknown god.
  7200 | Temple   | Entered the Ecumenical Temple
  7286 | D:6      | Reached skill level 5 in Shields
  7394 | D:7      | Reached XP level 8. HP: 54/54 MP: 1/12
  7560 | D:7      | Reached skill level 5 in Fighting
  7566 | D:7      | Found a shattered altar of Ashenzari.
  7901 | D:7      | Reached skill level 6 in Fighting
  8378 | D:7      | Noticed a hornet
  8387 | D:7      | Paralysed by a hornet for 2 turns
  8390 | D:7      | Paralysed by a hornet for 1 turns
  8395 | D:7      | Paralysed by a hornet for 2 turns
  8395 | D:7      | Slain by a hornet

Skill      XL: |  1  2  3  4  5  6  7  8 |
---------------+-------------------------+-----
Conjurations   | 2 3 5 |  5.1
Fighting       | 2 4 6 |  6.8
Shields        | 1 5 |  5.5
Dodging        | |  2.0
Stealth        | |  2.6
Spellcasting   | |  3.0
Summonings     | |  1.0
Translocations | |  1.0

Action                   |  1- 3 |  4- 6 |  7- 9 || total
-------------------------+-------+-------+-------++-------
Melee: Short sword       |     6 |       |       ||     6
       Unarmed           |     3 |       |       ||     3
       Constrict         |     4 |    11 |    14 ||    29
       Whip              |    14 |    39 |    62 ||   115
       Tentacles         |     1 |     3 |     5 ||     9
 Cast: Magic Dart        |    62 |   128 |   125 ||   315
       Call Imp          |       |       |     3 ||     3
  Use: Scroll            |       |    11 |     3 ||    14
       Potion            |       |       |     5 ||     5
 Stab: Sleeping          |       |     2 |     1 ||     3
  Eat: Chunk             |     2 |     9 |     5 ||    16
       Ration            |       |     1 |     1 ||     2
Armor: Skin              |     1 |     3 |    10 ||    14
Dodge: Dodged            |    29 |    38 |    56 ||   123
Block: Buckler           |       |       |    17 ||    17
